AoeStats
← bigchipp77

Golden Pit

509684438Analyzed
1v1 RM · 5d ago on Sep 27, 2026· 28m 58s· 2 players
Game mode
Random Map
Map size
Tiny (2 player)
Population
200
Speed
Normal
Resources
Standard
Victory
Conquest
Starting age
Dark Age
Ending age
Imperial Age
RankedLock teamsTeams togetherTeam positionsShared explorationLock speedFull tech treeHidden civsTurbo modeCheats
Victory
Defeat
🇺🇸 Bohemians · United States
854
+18
🇪🇸 Bengalis · Spain
896
-18
Sircharlye
7:29 Loom
10:00 Feudal Age
16:11 Double-Bit Axe
17:06 Bloodlines
19:14 Scale Mail Armor
21:47 Forging
21:43 Scale Barding Armor
25:03 Castle Age
24:53 Stone Mining
26:37 Iron Casting
26:18 Chain Mail Armor
26:23 Chain Barding Armor
27:15 Husbandry
26:39 Light Cavalry
bigchipp77
4:28 Loom
11:13 Feudal Age
11:58 Double-Bit Axe
11:54 Horse Collar
16:49 Wheelbarrow
17:29 Forging
17:29 Town Watch
18:11 Scale Mail Armor
18:20 Scale Barding Armor
24:16 Castle Age
25:37 Bow Saw
25:30 Heavy Plow
30:01 Chemistry
Connection lost

Rejoining the realm…

Still unreachable

The connection could not be restored.

Session expired

The server has moved on; the page needs a fresh start.